 Dungeon Crawl Stone Soup version 0.32-a0-468-g38b2580584 (webtiles) character file.

Game seed: 13877835112450294344

22110 cforsyth the Fighter (level 12, -16/103 HPs)
             Began as a Coglin Gladiator on Feb 25, 2024.
             Was an Elder of Lugonu.
             Demolished by a +2 glaive of speed (23 damage)
             ... created by the rancor of the Wu Jian Council
             ... on level 2 of the Lair of Beasts.
             The game lasted 00:29:03 (16166 turns).

cforsyth the Fighter (Coglin Gladiator)            Turns: 16166, Time: 00:29:03

Health: -16/103    AC: 16    Str: 18    XL:     12   Next: 97%
Magic:  12/12      EV:  7    Int:  7    God:    Lugonu [****..]
Gold:   1006       SH:  0    Dex: 18    Spells: 11/11 levels left

rFire   + . .        a - +8 lance "Wyrmbane" {slay drac, rPois rF+ rC+ AC+3}
rCold   + . .        G - +4 trident (venom) {Ara}
rNeg    . . .        h - +0 plate armour {rPois}
rPois   +            c - +0 helmet
rElec   .            i - +0 cloak
rCorr   .            (no gloves)
SInv    .            m - +2 pair of boots {Stlth+}
Will    .....        v - amulet of the acrobat Stlth
                     (ring unavailable)
HPRegen 0.37/turn    (ring unavailable)
MPRegen 0.13/turn

%: acrobat
@: corroded, revved
A: off-hand wielding, slow wielding, warmup strikes, no rings
a: Renounce Religion, Depart the Abyss, Banish, Corrupt


You were on level 2 of the Lair of Beasts.
You worshipped Lugonu.
Lugonu was greatly pleased with you.
You visited 2 branches of the dungeon, and saw 16 of its levels.
You visited the Abyss 1 time.
You also visited: Bailey.

You collected 1006 gold pieces.


Innate Abilities, Weirdness & Mutations

You can wield a second weapon in your off-hand.
It takes a long time for you to wield or remove held weapons.
Your first few attacks do less damage.
Your grasper-arms cannot wear rings.


   Skills:
 + Level 12.9 Fighting
 - Level 3.0(8.0) Axes
 + Level 10.7(10.9) Polearms
 - Level 1.7 Throwing
 + Level 11.6 Armour
 - Level 2.6 Dodging


You had 11 spell levels left.
You didn't know any spells.
Your spell library contained the following spells:

 Spells                   Type           Power      Damage    Failure   Level
 Sandblast                Erth           0%         2d4       100%        1
 Lesser Beckoning         Tloc           0%         N/A       100%        2
 Scorch                   Fire           0%         2d5       100%        2
 Frozen Ramparts          Ice            0%         1d1       100%        3
 Fugue of the Fallen      Necr           0%         N/A       100%        3
 Gell's Gravitas          Tloc           0%         N/A       100%        3
 Mephitic Cloud           Conj/Alch/Air  0%         N/A       100%        3
 Ozocubu's Armour         Ice            0%         N/A       100%        3
 Passwall                 Erth           0%         N/A       100%        3
 Stone Arrow              Conj/Erth      0%         3d7       100%        3
 Teleport Other           Tloc           0%         N/A       100%        3
 Brom's Barrelling Bould  Conj/Erth      0%         2d3       100%        4
 Flame Wave               Conj/Fire      0%         2d4       100%        4
 Manifold Assault         Tloc           0%         N/A       100%        4
 Sticky Flame             Fire/Alch      0%         2d4       100%        4
 Vhi's Electric Charge    Tloc/Air       0%         N/A       100%        4
 Arcjolt                  Conj/Air       0%         1d10      100%        5
 Fireball                 Conj/Fire      0%         3d3       100%        5
 Freezing Cloud           Conj/Ice/Air   0%         6-21      100%        5
 Iskenderun's Battlesphe  Conj           0%         2d6       100%        5
 Bombard                  Conj/Erth      0%         9d1       100%        6
 Sculpt Simulacrum        Ice/Alch       0%         N/A       100%        6
 Summon Cactus Giant      Summ           0%         N/A       100%        6
 Ozocubu's Refrigeration  Ice            0%         4d7       100%        7
 Spellforged Servitor     Conj/Summ      0%         N/A       100%        7
 Maxwell's Capacitive Co  Air            0%         ∞         100%        8
 Polar Vortex             Ice            0%         N/A       100%        9

Inventory:

Hand Weapons
 a - the +8 lance "Wyrmbane" (weapon) {slay drac, rPois rF+ rC+ AC+3}
   (You found it on level 4 of the Dungeon)

   AC+3:      It affects your AC (+3).
   rF+:       It protects you from fire.
   rC+:       It protects you from cold.
   rPois:     It protects you from poison
 u - a +1 war axe {Charoen}
 G - a +4 trident of venom (offhand) {Ara}
Missiles
 d - 3 throwing nets (quivered) {=f}
 e - 8 javelins
Armour
 c - a +0 helmet (worn)
 h - a +0 plate armour of poison resistance (worn)
 i - a +0 cloak (worn)
 j - a +0 pair of boots
 m - a +2 pair of boots of stealth (worn)
Jewellery
 v - an amulet of the acrobat (around neck)
 E - an amulet of magic regeneration
 M - an amulet of reflection
Wands
 g - a wand of mindburst (3)
 n - a wand of flame (34)
 C - a wand of paralysis (10)
 I - a wand of polymorph (13)
Scrolls
 k - 3 scrolls of vulnerability
 l - a scroll of immolation
 o - 2 scrolls of blinking
 y - 2 scrolls of teleportation {@r2}
 D - 4 scrolls of amnesia
 H - 2 scrolls of poison
 J - a scroll of revelation
 K - a scroll of fear
 L - a scroll of fog
 N - a scroll of noise
 O - a scroll of brand weapon {unknown}
Potions
 f - 2 potions of lignification
 p - a potion of brilliance
 q - a potion of might {unknown}
 r - 2 potions of magic
 s - 2 potions of haste {@q3}
 t - 3 potions of curing {@q1}
 w - a potion of resistance {unknown}
 x - 4 potions of mutation
 z - a potion of degeneration {unknown}
 A - a potion of attraction {unknown}
 B - 3 potions of ambrosia
 F - 2 potions of heal wounds {unknown}
Miscellaneous
 b - a box of beasts

Dungeon Overview and Level Annotations

Branches:
Dungeon (13/15)            Temple (0/1) D:4            Lair (3/5) D:9
  Swamp (0/4) Lair:2          Orc (0/2) D:11         Bailey (visited)
  Snake: Lair:2-3    Spider: Lair:2-3    Vaults: D:13-14

Altars:
Ashenzari
Dithmenos
Fedhas
Qazlal
Uskayaw
Vehumet
Wu Jian
Xom
Zin

Shops:
D:10

(
....................#
.....#..#...........#
.....'.##..^.......##
.....###............#
......###..........##
.....## #..........#
.....# #...<......#
..#### ##P#P#...§##
># #.@# .## ###{.#
..# #.#..## ..###
####.#+.##
.P..#######...^....##
.....#....'†........#
.........##........##
.....+.###..(......#
.....### #.........#


You could see a +2 glaive of speed.


Message History

* * * LOW HITPOINT WARNING * * *
You are too injured to fight recklessly!
You are too injured to fight recklessly!
You are too injured to fight recklessly!
A +2 glaive of speed is nearby!
A +2 glaive of speed is nearby!
A +2 glaive of speed is nearby!
You are too injured to fight recklessly!
You puncture the +2 glaive of speed with your +4 trident of venom!
The +2 glaive of speed is heavily damaged.
You hit the +2 glaive of speed but do no damage.
The +2 glaive of speed completely misses you.
Unknown command.
You hit the +2 glaive of speed with your +4 trident of venom.
The +2 glaive of speed is heavily damaged.
You hit the +2 glaive of speed with the +8 lance "Wyrmbane".
The +2 glaive of speed hits you but does no damage.
Unknown command.
You barely miss the +2 glaive of speed with your +4 trident of venom.
The +2 glaive of speed is severely damaged.
You barely miss the +2 glaive of speed with the +8 lance "Wyrmbane".
The +2 glaive of speed hits you!!
* * * LOW HITPOINT WARNING * * *
The +2 glaive of speed hits you!!
* * * LOW HITPOINT WARNING * * *
You hit the +2 glaive of speed but do no damage.
The +2 glaive of speed is severely damaged.
You hit the +2 glaive of speed but do no damage.
The +2 glaive of speed hits you!!
You die...

Skill      XL: |  1  2  3  4  5  6  7  8  9 10 11 12 |
---------------+-------------------------------------+-----
Armour         | 1 2 3 4 5 6 7 9 10 11 | 11.6
Fighting       | 3 4 5 6 7 8 10 11 12 | 12.9
Polearms       | 2 4 6 7 9 10 | 10.7
Axes           | |  3.0
Throwing       | |  1.7
Dodging        | |  2.6

Action                     |  1- 3 |  4- 6 |  7- 9 | 10-12 || total
---------------------------+-------+-------+-------+-------++-------
  Melee: War axe           |    90 |   157 |   116 |   139 ||   502
         Lance             |       |     7 |   217 |   502 ||   726
         Trident           |       |       |       |   318 ||   318
 Invoke: Depart the Abyss  |       |       |       |     1 ||     1
Ability: Lunge             |     1 |     8 |       |       ||     9
         Whirlwind         |       |       |     1 |     1 ||     2
  Evoke: Wand              |       |       |     2 |       ||     2
    Use: Potion            |       |     2 |     1 |     1 ||     4
         Scroll            |       |       |    12 |    10 ||    22
   Stab: Sleeping          |     2 |     4 |     4 |       ||    10
 Armour: Leather armour    |    69 |   107 |    71 |       ||   247
         Skin              |       |    56 |       |       ||    56
         Plate armour      |       |       |    65 |   412 ||   477
  Dodge: Dodged            |    91 |   103 |   119 |   190 ||   503

Levels and vault maps discovered:
D:1:      saegor_arrival_simple_e, layout_loops_ring,
          hellmonk_ecumenical_altar_zigzags
D:2:      layout_basic, st_stairs_4
D:3:      layout_loops_ring, gammafunk_ghost_nasty_kobolds,
          grunt_decor_fettered, uniq_pargi
D:4:      layout_layer_cave, minmay_temple_entry_drinking_statues,
          small_statue_intersection
D:5:      layout_loops_cross, lemuel_doored_altar
D:6:      lemuel_slime, layout_cave_pods, nicolae_qazlal_scattered_showers,
          evilmike_ruin_ashenzari, kennysheep_generic_room_5, uniq_menkaure
D:7:      layout_rooms, enter_bailey_5, serial_rivers,
          chequers_serial_rivers_marsh, chequers_serial_rivers_marsh,
          chequers_serial_rivers_large_a, chequers_serial_rivers_micro_a,
          chequers_serial_rivers_marsh, kennysheep_pointless_box, minivault_22
D:8:      layout_basic, grunt_temple_overflow_order_and_chaos_1,
          chequers_serial_rivers_micro_b
D:9:      layout_long_grid, mainiacjoe_overflow_surrounded_room,
          david_lair_generic, st_stairs_11
D:10:     layout_loops_corners, mainiacjoe_overflow_24_doors,
          nicolae_overflow_crystal_walls, serial_shops,
          nicolae_shop_advertising_works [nicolae_subvault_shop_adworks],
          serial_park_tiny_2, uniq_erolcha
D:11:     layout_loops_corners, david_orc_2, serial_shops, nicolae_shop_crystal,
          grunt_ministairs_10
D:12:     layout_loops_corners
D:13:     layout_rooms, hangedman_vaults_entry_quadrant_bands, uniq_urug
Lair:1:   layout_concentric_octagons, lemuel_fruit_fields, uniq_jeremiah,
          uniq_erica
Lair:2:   layout_roguey, swamp_mist_pool, lemuel_fruit_fields
Lair:3:   gammafunk_lair_enchanted_lake, layout_big_grid, dummy_snake_entry,
          chequers_serial_rivers_small_a, wad_woods_06, grunt_megastairs_4,
          infiniplex_staircase_pool

Notes
Turn   | Place    | Note
-------+----------+-------------------------------------------
     0 | D:1      | cforsyth the Coglin Gladiator began the quest for the Orb.
     0 | D:1      | Reached XP level 1. HP: 16/16 MP: 1/1
    56 | D:1      | Reached XP level 2. HP: 21/23 MP: 2/2
    95 | D:1      | Reached skill level 1 in Armour
   252 | D:1      | Reached XP level 3. HP: 22/28 MP: 3/3
   429 | D:1      | Reached skill level 3 in Fighting
   728 | D:1      | Found a faded altar of an unknown god.
   752 | D:1      | Prayed at the altar of an unknown god.
   752 | D:1      | Became a worshipper of the Wu Jian Council
   752 | D:1      | Reached * piety under Wu Jian
   820 | D:2      | Reached skill level 2 in Armour
   821 | D:2      | Reached XP level 4. HP: 32/35 MP: 4/4
  1668 | D:3      | Noticed an ogre
  1678 | D:3      | Killed an ogre
  1679 | D:3      | Reached skill level 4 in Fighting
  1679 | D:3      | Reached skill level 3 in Armour
  1679 | D:3      | Reached XP level 5. HP: 22/42 MP: 5/5
  1837 | D:3      | Reached ** piety under Wu Jian
  2243 | D:3      | Noticed Pargi
  2269 | D:3      | Killed Pargi
  2270 | D:3      | Reached XP level 6. HP: 49/49 MP: 6/6
  2331 | D:3      | Found a runed translucent gate.
  2331 | D:3      | Found a runed translucent gate.
  2331 | D:3      | Found a runed translucent gate.
  2332 | D:3      | Noticed Pokonic1's ghost (weakling GrFi)
  2708 | D:4      | Reached skill level 5 in Fighting
  2708 | D:4      | Reached skill level 4 in Armour
  3279 | D:4      | Found the +8 lance "Wyrmbane" {slay drac, rPois rF+ rC+
                  | AC+3}
  3305 | D:4      | Found a staircase to the Ecumenical Temple.
  3930 | D:5      | Entered Level 5 of the Dungeon
  3936 | D:5      | Reached XP level 7. HP: 56/56 MP: 7/7
  4136 | D:5      | Reached skill level 1 in Polearms
  4399 | D:5      | Found a radiant altar of Vehumet.
  4623 | D:6      | Noticed an oklob plant
  4995 | D:5      | Reached skill level 2 in Polearms
  5026 | D:6      | Reached skill level 6 in Fighting
  5026 | D:6      | Reached skill level 5 in Armour
  5215 | D:6      | Found a broken altar of Ashenzari.
  5219 | D:6      | Reached XP level 8. HP: 64/64 MP: 8/8
  5334 | D:6      | Noticed Menkaure
  5460 | D:6      | Reached skill level 3 in Polearms
  5465 | D:6      | Killed Menkaure
  5580 | D:6      | Found a stormy altar of Qazlal.
  6049 | D:7      | Reached *** piety under Wu Jian
  6052 | D:7      | Reached skill level 7 in Fighting
  6052 | D:7      | Reached skill level 6 in Armour
  6183 | D:7      | Reached skill level 4 in Polearms
  6268 | D:7      | Found a flagged portal.
  6300 | Bailey   | Entered a bailey
  6440 | Bailey   | Reached XP level 9. HP: 58/72 MP: 9/9
  7003 | D:7      | Reached skill level 5 in Polearms
  7057 | D:7      | Reached skill level 8 in Fighting
  7172 | D:7      | Reached skill level 7 in Armour
  7373 | D:7      | Noticed a hornet
  7430 | D:7      | Killed a hornet
  7872 | D:8      | Reached skill level 6 in Polearms
  7883 | D:8      | Noticed a two-headed ogre
  7888 | D:8      | Reached XP level 10. HP: 82/82 MP: 10/10
  7895 | D:8      | Killed a two-headed ogre
  7896 | D:8      | Reached skill level 9 in Fighting
  8018 | D:8      | Reached skill level 8 in Armour
  8088 | D:8      | Reached **** piety under Wu Jian
  8220 | D:8      | Found a glowing silver altar of Zin.
  8223 | D:8      | Noticed an angel
  8227 | D:8      | Found a shimmering altar of Xom.
  8270 | D:8      | Killed an angel
  8680 | D:9      | Reached skill level 7 in Polearms
  8918 | D:9      | Identified the +1 chain mail of Dogma {-Tele Fly rCorr}
  8927 | D:9      | Noticed a two-headed ogre
  8928 | D:9      | Noticed an elephant
  8934 | D:9      | Killed a two-headed ogre
  8951 | D:9      | Killed an elephant
  8952 | D:9      | Reached skill level 10 in Fighting
  8952 | D:9      | Reached skill level 9 in Armour
  8952 | D:9      | Reached XP level 11. HP: 31/91 MP: 9/11
  9139 | D:9      | Found a staircase to the Lair.
  9495 | D:9      | Found a hide-covered altar of Uskayaw.
  9700 | D:10     | Entered Level 10 of the Dungeon
  9710 | D:10     | Found Evylim's Antique Weapon Boutique.
  9728 | D:10     | Reached skill level 8 in Polearms
  9813 | D:10     | Found a blossoming altar of Fedhas.
 10076 | D:10     | Found a shadowy altar of Dithmenos.
 10301 | D:10     | Noticed Erolcha
 10304 | D:10     | You are cast into the Abyss!
 10304 | Abyss:1  | Cast into level 1 of the Abyss (Erolcha)
 10473 | Abyss:1  | Noticed a starcursed mass
 10502 | Abyss:1  | Noticed a thrashing horror
 10504 | Abyss:1  | Found a corrupted altar of Lugonu.
 10509 | Abyss:1  | Fell from the grace of Wu Jian
 10509 | Abyss:1  | Became a worshipper of Lugonu the Unformed
 10509 | Abyss:1  | Reached * piety under Lugonu
 10509 | Abyss:1  | Reached ** piety under Lugonu
 10511 | D:10     | You pass through the gate.
 10511 | D:10     | Escaped the Abyss
 10517 | D:10     | Killed Erolcha
 10598 | D:10     | Banished a heavy dire flail
 10598 | D:10     | Banished a dire flail of flaming
 10598 | D:10     | Banished a heavy rapier
 10725 | D:10     | Banished a broad axe of speed
 10725 | D:10     | Banished a glaive of freezing
 10725 | D:10     | Banished a heavy dire flail
 10725 | D:10     | Banished a heavy rapier
 10802 | D:10     | Got the Collected Works on the Sun and the Cumulonimbus
 11011 | D:11     | Noticed a skeletal warrior
 11011 | D:11     | Noticed a skeletal warrior
 11031 | D:10     | HP: 2/92 [skeletal warrior/+0 war axe (22)]
 11417 | D:11     | Reached skill level 11 in Fighting
 11471 | D:11     | Banished a heavy rapier
 11471 | D:11     | Banished a quarterstaff of speed
 11471 | D:11     | Banished a broad axe of flaming
 11471 | D:11     | Banished a rapier of speed
 11558 | D:11     | Noticed a two-headed ogre
 11565 | D:11     | Killed a two-headed ogre
 11569 | D:11     | Banished a broad axe of flaming
 11569 | D:11     | Banished a broad axe of electrocution
 11569 | D:11     | Banished a rapier of flaming
 11570 | D:11     | Noticed a +0 dire flail of speed
 11571 | D:11     | Killed a +0 dire flail of speed
 11642 | D:11     | Found a staircase to the Orcish Mines.
 11936 | D:11     | Reached skill level 10 in Armour
 12443 | D:3      | Killed Pokonic1's ghost
 12778 | D:6      | Killed an oklob plant
 12779 | D:6      | Reached skill level 9 in Polearms
 13011 | D:12     | Banished a dire flail of electrocution
 13011 | D:12     | Banished a glaive of speed
 13011 | D:12     | Banished a rapier of freezing
 13012 | D:12     | Noticed a +2 broad axe of speed
 13012 | D:12     | Noticed a +1 heavy rapier
 13014 | D:12     | Killed a +1 heavy rapier
 13017 | D:12     | Killed a +2 broad axe of speed
 13637 | D:12     | Reached *** piety under Lugonu
 13638 | D:12     | Reached XP level 12. HP: 97/100 MP: 12/12
 13938 | D:13     | Noticed a two-headed ogre
 13940 | D:13     | Noticed an ogre mage
 14145 | Lair:1   | Entered Level 1 of the Lair of Beasts
 14148 | Lair:1   | Got Oreso Zaeris's Grimoire of Snow-white Soot
 14191 | Lair:1   | Noticed Jeremiah
 14256 | Lair:1   | Killed Jeremiah
 14327 | Lair:1   | Noticed Erica
 14401 | D:9      | Noticed a +3 rapier of speed
 14402 | D:9      | Killed a +3 rapier of speed
 14564 | Lair:1   | Killed Erica
 14565 | Lair:1   | Reached skill level 12 in Fighting
 14699 | Lair:1   | Reached skill level 10 in Polearms
 14705 | Lair:1   | Reached skill level 11 in Armour
 15379 | Lair:2   | Found a staircase to the Swamp.
 15562 | Lair:2   | Identified the +7 arbalest of Iloopid {speed, rCorr MP+9
                  | Str+3}
 15952 | Lair:2   | Noticed a death yak
 15975 | Lair:1   | Killed a death yak
 16118 | Lair:2   | Reached **** piety under Lugonu
 16155 | Lair:2   | Noticed a +4 heavy rapier
 16156 | Lair:2   | Killed a +4 heavy rapier
 16165 | Lair:2   | HP: 7/103 [+2 glaive of speed[the rancor of the Wu Jian
                  | Council] (18)]
 16166 | Lair:2   | Demolished by a +2 glaive of speed

Vanquished Creatures
  Erolcha (D:10)
  3 two-headed ogres
  Erica (Lair:1)
  A death yak (Lair:1)
  6 dancing weapons
  An orc knight (D:12)
  An oklob plant (D:6)
  7 elephants
  A torpor snail (Lair:2)
  5 cane toads
  An unseen horror (D:13)
  Jeremiah (Lair:1)
  5 komodo dragons
  6 trolls
  3 hornets
  A shadow (D:9)
  2 wraiths
  4 wyverns
  9 yaks
  A basilisk (Lair:3)
  A steam dragon (D:8)
  13 vampire mosquitoes
  Menkaure (D:6)
  4 water moccasins
  A water moccasin (shapeshifter) (D:13)
  An acid dragon (D:9)
  7 orc warriors
  Pargi (D:3)
  2 ogres
  3 sky beasts
  An ice beast (D:6)
  2 black bears (D:9)
  6 centaurs
  A phantom (D:5)
  5 kobold brigands
  A brain worm (Abyss:1)
  7 bullfrogs
  A gnoll sergeant (D:9)
  2 scorpions
  4 wights
  11 killer bees
  The ghost of Pokonic1 the Trooper, a weakling GrFi (D:3)
  A bombardier beetle (D:7)
  2 howler monkeys
  4 orc priests
  A gnoll bouda (D:6)
  6 hounds
  8 jellies
  An iron imp (Abyss:1)
  4 sleepcaps
  5 orc wizards
  2 iguanas
  9 gnolls
  10 adders
  5 white imps
  2 ufetubi (D:4)
  5 dart slugs
  2 ribbon worms
  32 orcs
  3 bats
  14 endoplasms
  3 giant cockroaches
  10 goblins
  3 hobgoblins
  12 jackals
  6 quokkas
  6 ball pythons
  A frilled lizard (D:1)
  23 kobolds
  5 rats
321 creatures vanquished.

Vanquished Creatures (others)
  An angel (D:8)
  A shadow imp (D:5)
2 creatures vanquished.

Grand Total: 323 creatures vanquished

Table legend: (Time is in decaauts)
 A = Elapsed time spent in this place.
 B = Non-inter-level travel time spent in this place.
 C = Inter-level travel time spent in this place.
 D = Time resting spent in this place.
 E = Time spent auto-exploring this place.
 F = Levels seen in this place.
 G = Mean time per level.
                   A        B        C        D        E       F      G
               +--------+--------+--------+--------+--------+-----+--------+
         Total |  16149 |  15164 |    985 |   1685 |  10703 |  18 |  897.2 |
       Dungeon |  13454 |  12492 |    962 |   1618 |   8720 |  13 | 1034.9 |
          Lair |   1790 |   1767 |     23 |     67 |   1374 |   3 |  596.7 |
         Abyss |    206 |    206 |      0 |      0 |    138 |   1 |  206.0 |
        Bailey |    698 |    698 |      0 |      0 |    471 |   1 |  698.0 |
               +--------+--------+--------+--------+--------+-----+--------+

Top non-repeatable levels by time:
    D:10: 1714 daAuts
     D:4: 1695 daAuts
     D:9: 1557 daAuts
     D:6: 1308 daAuts
     D:7: 1221 daAuts
  Lair:1: 1002 daAuts
     D:3: 978 daAuts
    D:12: 949 daAuts
     D:5: 885 daAuts
     D:2: 876 daAuts
     D:1: 839 daAuts
     D:8: 832 daAuts
  Lair:2: 775 daAuts
  Bailey: 698 daAuts
    D:11: 477 daAuts

Table legend:
 A = Non-vault XP
 B = Vault XP
 C = Vault XP percentage of total XP
 D = Non-vault monster count
 E = Vault monster count
 F = Vault count percentage of total count
                 A         B        C        D         E       F
            +---------+---------+-------+---------+---------+-------
      Total |   24594 |    6992 |  22.1 |     235 |      80 |  25.4
            +---------+---------+-------+---------+---------+-------
        D:1 |      66 |       0 |   0.0 |      37 |       0 |   0.0
        D:2 |      53 |      15 |  22.1 |      14 |       2 |  12.5
        D:3 |     180 |     294 |  62.0 |       9 |      12 |  57.1
        D:4 |     168 |       0 |   0.0 |      15 |       0 |   0.0
        D:5 |     358 |      82 |  18.6 |      11 |       2 |  15.4
        D:6 |     461 |    1032 |  69.1 |      11 |      16 |  59.3
        D:7 |    1696 |       8 |   0.5 |      23 |       4 |  14.8
        D:8 |    2294 |       0 |   0.0 |      18 |       0 |   0.0
        D:9 |    1632 |    1271 |  43.8 |      22 |       8 |  26.7
       D:10 |    2846 |     861 |  23.2 |      22 |       1 |   4.3
       D:11 |    1403 |     539 |  27.8 |       3 |      13 |  81.2
       D:12 |    2989 |     741 |  19.9 |      15 |       2 |  11.8
       D:13 |     539 |     100 |  15.6 |       2 |       1 |  33.3
     Lair:1 |    4850 |    1216 |  20.0 |      12 |       2 |  14.3
     Lair:2 |    4332 |       0 |   0.0 |      16 |       0 |   0.0
     Lair:3 |     584 |       0 |   0.0 |       2 |       0 |   0.0
    Abyss:1 |     143 |       0 |   0.0 |       3 |       0 |   0.0
     Bailey |       0 |     833 | 100.0 |       0 |      17 | 100.0
            +---------+---------+-------+---------+---------+-------
